 Dungeon Crawl Stone Soup version 0.25-a0-576-g50b708a (webtiles) character file.

Game seed: 4573327570737488489, levelgen mode: deterministic

822 Faca the Spear-Bearer (level 7, -3/60 HPs)
             Began as a Merfolk Gladiator on Mar 1, 2020.
             Slain by an orc warrior
             ... wielding a +0 battleaxe
              (16 damage)
             ... on level 5 of the Dungeon.
             The game lasted 00:09:17 (5037 turns).

Faca the Spear-Bearer (Merfolk Gladiator)           Turns: 5037, Time: 00:09:18

Health: -3/60      AC:  9    Str: 16    XL:     7   Next: 95%
Magic:  7/7        EV: 11    Int:  8    God:
Gold:   246        SH:  8    Dex: 15    Spells: 6/6 levels left

rFire    + . .     SeeInvis .   a - +1 trident
rCold    . . .     Gourm    .   j - +1 kite shield
rNeg     . . .     Faith    .   c - +3 leather armour {rF+}
rPois    .         Spirit   .   m - +1 hat
rElec    .         Reflect  .   (no cloak)
rCorr    .         Harm     .   u - +0 pair of gloves
MR       .....                  i - +0 pair of boots
Stlth    +.........             (no amulet)
HPRegen  0.20/turn              (no ring)
MPRegen  0.10/turn              (no ring)

@: no status effects
A: change form in water, swift swim, stealthy swim
a: no special abilities


You were on level 5 of the Dungeon.
You were very hungry.

You visited 1 branch of the dungeon, and saw 6 of its levels.

You collected 246 gold pieces.

Inventory:

Hand Weapons
 a - a +1 trident (weapon)
Missiles
 d - 3 throwing nets
 s - 5 boomerangs (quivered)
Armour
 c - a +3 leather armour of fire resistance (worn)
 i - a +0 pair of boots (worn)
 j - a +1 kite shield (worn)
 m - a +1 hat (worn)
 u - a +0 pair of gloves (worn)
Jewellery
 e - an uncursed amulet of regeneration {unknown}
Wands
 p - a wand of iceblast (6)
Scrolls
 l - 2 scrolls of teleportation
Potions
 g - a potion of ambrosia
 h - 3 potions of curing
 n - a potion of haste {unknown}
 o - a potion of stabbing {unknown}
 q - 2 potions of cancellation {unknown}
Comestibles
 f - 5 rations


   Skills:
 + Level 7.0 Fighting
 + Level 9.7 Polearms
 - Level 2.0 Throwing
 - Level 4.0 Dodging


You had 6 spell levels left.
You didn't know any spells.
Your spell library contained the following spells:

 Spells                   Type           Power        Failure   Level  Hunger
 Magic Dart               Conj           #...         98%         1    ##.....
 Blink                    Tloc           N/A          99%         2    ###....
 Call Imp                 Summ           #.......     99%         2    ###....
 Slow                     Hex            #.......     99%         2    ###....
 Conjure Flame            Conj/Fire      #.......     100%        3    ####...
 Mephitic Cloud           Conj/Pois/Air  #.......     100%        3    ####...


Dungeon Overview and Level Annotations

Branches:
Dungeon (6/15)
 Temple: D:4-7

Altars:
Cheibriados
Dithmenos
Fedhas
Gozag
Hepliaklqana
Trog
Yredelemnul

Shops:
D:4 }

Annotations:
D:3 1 runed translucent door


Message History

There is a stone staircase leading down here.
You completely miss the orc priest.
The orc priest hits you but does no damage.
You block the orc warrior's attack.
You closely miss the orc priest. You block the orc priest's attack.
You hit the orc priest but do no damage.
You block the orc warrior's attack.
The orc priest hits you with a +0 dagger.
You hit the orc priest.
The orc priest is heavily wounded.
The orc warrior hits you with a +0 battleaxe!
The orc priest mumbles some strange prayers to Beogh against you.
Beogh smites you!
* * * LOW HITPOINT WARNING * * *
You hit the orc priest but do no damage.
The orc priest is heavily wounded.
The orc priest calls down the wrath of Beogh upon you.
You struggle to resist.
The orc warrior hits you with a +0 battleaxe!
You die...

#....# ##.............#
#....####........_......
#......#................
#....#..................
#..[.###....###.....###.
###....###....# #.....# #.
#........#....###.....###.
####....###o##.......#.#.....
#.####...##o@.[........#.....
####.# #.#.####.........##.....
#....# #.#..# #.........##.....
#.§.§# #.##.###.........##.....
#.§§§# ##.##..##.........##.....
#.§§§###..###.###...............
#.§§§§§#(####..##.......#..<..#.
#.§§§#§§....##..........#..#....
#..§§###.##.....................


You could see an orc warrior and an orc priest.

Vanquished Creatures
  A hippogriff (D:4)
  An ogre (D:4)
  A centaur (D:5)
  A scorpion (D:4)
  A centaur zombie (D:5)
  A centaur skeleton (D:4)
  2 orc priests (D:4)
  2 hounds
  A worker ant (D:4)
  Ijyb (D:5)
  A mummy (D:5)
  5 adders
  A shadow imp (D:5)
  An ooze (D:3)
  5 worms
  4 dart slugs
  3 leopard geckos
  11 orcs
  7 bats
  3 giant cockroaches (D:1)
  7 hobgoblins
  6 jackals
  2 quokkas
  4 frilled lizards
  12 goblins
  A jackal zombie (D:3)
  10 kobolds
  9 rats
104 creatures vanquished.

Notes
Turn   | Place    | Note
-------+----------+-------------------------------------------
     0 | D:1      | Faca the Merfolk Gladiator began the quest for the Orb.
     0 | D:1      | Reached XP level 1. HP: 16/16 MP: 1/1
    73 | D:1      | Reached XP level 2. HP: 23/23 MP: 2/2
   198 | D:1      | Reached skill level 5 in Polearms
   315 | D:1      | Reached XP level 3. HP: 26/29 MP: 3/3
   826 | D:2      | Reached XP level 4. HP: 35/35 MP: 4/4
  1023 | D:2      | Reached skill level 6 in Polearms
  1743 | D:3      | Found a runed translucent door.
  1743 | D:3      | Noticed a human
  1762 | D:3      | Reached XP level 5. HP: 40/42 MP: 5/5
  1791 | D:3      | Noticed a moth of wrath
  1793 | D:3      | Found a bloodstained altar of Trog.
  1874 | D:3      | Found a basalt altar of Yredelemnul.
  2597 | D:4      | Found an opulent altar of Gozag.
  2649 | D:4      | Reached skill level 7 in Polearms
  2741 | D:4      | Noticed an ogre
  2747 | D:4      | Killed an ogre
  2747 | D:4      | Reached skill level 5 in Fighting
  2747 | D:4      | Reached XP level 6. HP: 19/51 MP: 6/6
  3185 | D:4      | Reached skill level 8 in Polearms
  3729 | D:4      | Reached XP level 7. HP: 28/57 MP: 7/7
  3795 | D:4      | Found Roozikio's Gadget Shoppe.
  4181 | D:5      | Entered Level 5 of the Dungeon
  4181 | D:5      | Found a shadowy altar of Dithmenos.
  4183 | D:5      | Noticed a hippogriff
  4208 | D:4      | Killed a hippogriff
  4208 | D:4      | Reached skill level 9 in Polearms
  4513 | D:5      | Noticed Ijyb
  4537 | D:5      | Killed Ijyb
  4598 | D:5      | Found a snail-covered altar of Cheibriados.
  4784 | D:5      | Found a blossoming altar of Fedhas.
  4784 | D:5      | Found a hazy altar of Hepliaklqana.
  5037 | D:5      | Slain by an orc warrior

Levels and vault maps discovered:
D:1:      dpeg_arrival_renting, layout_basic, palyth_stone_intersect
D:2:      layout_rooms, first_ration
D:3:      layout_basic, tgw_trog, dk_yredelemnul_ordeal
D:4:      layout_basic, serial_shops, nicolae_shop_behind_doors,
          grunt_gozag_breadcrumbs
D:5:      layout_rooms, gammafunk_temple_overflow_wave, slow_altar_1,
          grunt_dithmenos_smoke, hex_large, uniq_ijyb
D:6:      layout_loops_corners, eat_drink_and_be_merry_uskayaw, kennysheep_mini

Skill      XL: |  1  2  3  4  5  6  7 |
---------------+----------------------+-----
Polearms       | 5 6 7 8 9 |  9.7
Fighting       | 3 4 5 7 |  7.0
Throwing       | |  2.0
Dodging        | |  4.0

Action                   |  1- 3 |  4- 6 |  7- 9 || total
-------------------------+-------+-------+-------++-------
Melee: Trident           |   101 |   190 |    96 ||   387
       Spear             |       |    62 |       ||    62
  Use: Scroll            |       |     9 |     3 ||    12
       Potion            |       |       |     1 ||     1
 Stab: Sleeping          |     2 |       |       ||     2
  Eat: Chunk             |       |     9 |       ||     9
       Ration            |       |       |     1 ||     1
Armor: Ring mail         |    28 |    70 |    27 ||   125
       Leather armour    |       |       |     6 ||     6
Dodge: Dodged            |    53 |    66 |    43 ||   162
Block: Kite shield       |    16 |    81 |    44 ||   141

Table legend:
 A = Non-vault XP
 B = Vault XP
 C = Vault XP percentage of total XP
 D = Non-vault monster count
 E = Vault monster count
 F = Vault count percentage of total count
                 A         B        C        D         E       F
            +---------+---------+-------+---------+---------+-------
      Total |    1107 |      68 |   5.8 |      96 |       8 |   7.7
            +---------+---------+-------+---------+---------+-------
        D:1 |      50 |       0 |   0.0 |      29 |       0 |   0.0
        D:2 |      82 |       0 |   0.0 |      19 |       0 |   0.0
        D:3 |      67 |      14 |  17.3 |      24 |       6 |  20.0
        D:4 |     681 |       0 |   0.0 |      15 |       0 |   0.0
        D:5 |     222 |      54 |  19.6 |       7 |       2 |  22.2
        D:6 |       5 |       0 |   0.0 |       2 |       0 |   0.0
            +---------+---------+-------+---------+---------+-------
